 Dungeon Crawl Stone Soup version 0.27-a0-1200-g94dc6ad4cf (webtiles) character file.

Game seed: 16734985743484826363

192 miami27 the Chopper (level 5, -3/47 HPs)
             Began as a Minotaur Berserker on May 30, 2021.
             Was a Believer of Trog.
             Slain by a gnoll
             ... wielding a +0 flail
              (7 damage)
             ... on level 3 of the Dungeon.
             The game lasted 00:03:03 (1987 turns).

miami27 the Chopper (Minotaur Berserker)            Turns: 1987, Time: 00:03:03

Health: -3/47      AC: 12    Str: 23    XL:     5   Next: 42%
Magic:  4/4        EV:  7    Int:  4    God:    Trog [**....]
Gold:   101        SH:  0    Dex:  9    Spells: 4/4 levels left

rFire    . . .     SeeInvis .   a - +0 hand axe
rCold    + . .     Faith    .   (no shield)
rNeg     . . .     Spirit   .   n - +0 plate armour
rPois    .         Reflect  .   (helmet restricted)
rElec    .         Harm     .   d - +0 cloak
rCorr    .         Rampage  .   (no gloves)
Will     .....                  (no boots)
Stlth    ..........             (no amulet)
HPRegen  0.15/turn              l - ring of protection from cold
MPRegen  0.09/turn              (no ring)

@: no status effects
A: horns 2, retaliatory headbutt
a: Renounce Religion, Berserk, Trog's Hand


You were on level 3 of the Dungeon.
You worshipped Trog.
Trog was pleased with you.
You visited 1 branch of the dungeon, and saw 3 of its levels.

You collected 101 gold pieces.

Inventory:

Hand Weapons
 a - a +0 hand axe (weapon)
Armour
 b - a +0 animal skin
 d - a +0 cloak (worn)
 n - a +0 plate armour (worn)
Jewellery
 l - a ring of protection from cold (left hand)
Wands
 o - a wand of digging (4)
Scrolls
 e - a scroll of amnesia {unknown}
 g - 2 scrolls of enchant weapon {unknown}
 i - a scroll of identify {unknown}
 k - a scroll of fog {unknown}
 m - a scroll of immolation {unknown}
Potions
 c - a potion of might {unknown}
 f - 2 potions of ambrosia {unknown}
 h - a potion of haste {unknown}
 j - a potion of attraction {unknown}
 p - a potion of degeneration {unknown}


   Skills:
 + Level 4.7 Fighting
 + Level 5.8 Axes
 + Level 2.9 Armour
 + Level 3.2 Dodging
 + Level 0.7 Stealth


You had 4 spell levels left.
You didn't know any spells.
Your spell library was empty.

Dungeon Overview and Level Annotations

Branches:
Dungeon (3/15)

Altars:


Innate Abilities, Weirdness & Mutations

You have a pair of horns on your head.
You reflexively headbutt those who attack you in melee.


Message History

The gnoll hits you from afar with a +0 spear.
The gnoll hits you with a +0 whip.
You hit the gnoll. Your headbutt misses the gnoll.
The gnoll is moderately wounded.
You hit the gnoll.
The gnoll hits you from afar with a +0 spear.
The gnoll hits you but does no damage. The gnoll hits you with a +0 whip.
You completely miss the gnoll.
The gnoll is moderately wounded.
You hit the gnoll but do no damage.
The gnoll hits you from afar with a +0 spear.
The gnoll barely misses you. The gnoll hits you but does no damage.
You hit the gnoll but do no damage.
The gnoll is moderately wounded.
You hit the gnoll.
The gnoll hits you from afar with a +0 spear.
* * * LOW HITPOINT WARNING * * *
The gnoll hits you but does no damage. x2
You hit the gnoll. Your headbutt misses the gnoll.
The gnoll is heavily wounded.
Your plate armour prevents you from hitting the gnoll.
The gnoll hits you but does no damage. The gnoll hits you with a +0 flail.
* * * LOW HITPOINT WARNING * * *
The gnoll hits you with a +0 whip.
* * * LOW HITPOINT WARNING * * *
You closely miss the gnoll.
The gnoll is heavily wounded.
You barely miss the gnoll.
The gnoll hits you but does no damage. x2
The gnoll hits you with a +0 whip.
* * * LOW HITPOINT WARNING * * *
You barely miss the gnoll.
The gnoll is heavily wounded.
You closely miss the gnoll. The gnoll barely misses you. x2
The gnoll hits you with a +0 whip.
* * * LOW HITPOINT WARNING * * *
You hit the gnoll but do no damage.
The gnoll is heavily wounded.
You hit the gnoll but do no damage. The gnoll barely misses you.
The gnoll hits you with a +0 flail!
You die...

###### .....##
##########g......
#........@gg.....
#.########.....## #.#
#.....# #.# #.##### #####.#
#.# #.....# #.#
####.############.# #
................#.# #.#.#
###############.#.####.#.##


You could see 3 gnolls.

Vanquished Creatures
  A phantom (D:3)
  Ijyb (D:3)
  A gnoll (D:3)
  An adder (D:2)
  2 worms
  4 dart slugs
  8 ball pythons
  7 endoplasms
  2 giant cockroaches
  10 goblins
  6 hobgoblins
  2 jackals
  4 kobolds
  2 quokkas (D:2)
  2 bats
  2 frilled lizards (D:1)
  2 rats
57 creatures vanquished.

Notes
Turn   | Place    | Note
-------+----------+-------------------------------------------
     0 | D:1      | miami27 the Minotaur Berserker began the quest for the Orb.
     0 | D:1      | Reached XP level 1. HP: 19/19 MP: 0/0
   208 | D:1      | Reached skill level 4 in Axes
   208 | D:1      | Reached XP level 2. HP: 23/27 MP: 1/1
   781 | D:1      | Reached XP level 3. HP: 33/33 MP: 2/2
   986 | D:2      | Reached ** piety under Trog
  1290 | D:2      | Reached XP level 4. HP: 22/40 MP: 3/3
  1860 | D:3      | Noticed Ijyb
  1875 | D:3      | Killed Ijyb
  1876 | D:3      | Reached skill level 5 in Axes
  1894 | D:3      | Noticed a phantom
  1899 | D:3      | Killed a phantom
  1900 | D:3      | Reached XP level 5. HP: 43/47 MP: 4/4
  1987 | D:3      | Slain by a gnoll

Illustrated notes

Levels and vault maps discovered:
D:1:      tarquinn_simple_flora_water_d, layout_rooms, st_stairs_13,
          minmay_pentomino_r4
D:2:      layout_basic, dk_noncrumbling_3, minmay_goblin_outpost
D:3:      layout_loops_ring, kennysheep_another_room, uniq_grinder, uniq_ijyb

Skill      XL: |  1  2  3  4 |
---------------+-------------+-----
Axes           | 4 5 |  5.8
Fighting       | 4 |  4.7
Dodging        | 3 |  3.2
Armour         | |  2.9
Stealth        | |  0.7

Action                   |  1- 3 |  4- 6 || total
-------------------------+-------+-------++-------
Melee: Hand axe          |    83 |    47 ||   130
       Headbutt          |    17 |     6 ||    23
Invok: Berserk           |       |     1 ||     1
Armor: Animal skin       |    17 |     6 ||    23
       Plate armour      |       |    18 ||    18
Dodge: Dodged            |    56 |    30 ||    86

Table legend: (Time is in decaauts)
 A = Elapsed time spent in this place.
 B = Non-inter-level travel time spent in this place.
 C = Inter-level travel time spent in this place.
 D = Time resting spent in this place.
 E = Time spent auto-exploring this place.
 F = Levels seen in this place.
 G = Mean time per level.
                   A        B        C        D        E       F      G
               +--------+--------+--------+--------+--------+-----+--------+
         Total |   2005 |   1979 |     26 |    347 |    920 |   3 |  668.3 |
       Dungeon |   2005 |   1979 |     26 |    347 |    920 |   3 |  668.3 |
               +--------+--------+--------+--------+--------+-----+--------+

Top non-repeatable levels by time:
     D:2: 937 daAuts
     D:1: 870 daAuts
     D:3: 197 daAuts
